 Dungeon Crawl Stone Soup version 0.18.1-48-g4cf74bf (webtiles) character file.

133 nikopol the Skirmisher (level 4, 0/41 HPs)
             Began as a Minotaur Berserker on Sept 3, 2016.
             Was a Believer of Trog.
             Slain by a worm (7 damage)
             ... on level 3 of the Dungeon.
             The game lasted 00:04:54 (1548 turns).

nikopol the Skirmisher (Minotaur Berserker)         Turns: 1548, Time: 00:04:55

Health: 0/41       AC:  8    Str: 22    XL:     4   Next: 94%
Magic:  3/3        EV: 11    Int:  4    God:    Trog [**....]
Gold:   126        SH:  0    Dex: 10    Spells: 0 memorised, 3 levels left

rFire  . . .     SeeInvis .     a - +0 hand axe
rCold  . . .     Gourm    .     k - +0 scale mail
rNeg   . . .     Faith    .     (no shield)
rPois  .         Spirit   .     (helmet restricted)
rElec  .         Dismiss  .     j - +0 cloak
rCorr  .         Reflect  .     (no gloves)
SustAt .         Harm     .     (no boots)
MR     .....                    (no amulet)
Stlth  ..........               (no ring)
                                (no ring)

@: lethally poisoned (0 -> -2), not resistant to hostile enchantments, extremely
unstealthy
A: retaliatory headbutt, horns 2
a: Berserk, Trog's Hand, Burn Spellbooks, Renounce Religion


You were on level 3 of the Dungeon.
You worshipped Trog.
Trog was pleased with you.
You were not hungry.

You visited 1 branch of the dungeon, and saw 3 of its levels.

You collected 126 gold pieces.

Inventory:

Hand Weapons
 a - a +0 hand axe (weapon)
Armour
 b - a +0 animal skin
 d - a +0 ring mail
 j - a +0 cloak (worn)
 k - a +0 scale mail (worn)
Scrolls
 f - a scroll of amnesia {unknown}
 o - a scroll of random uselessness {unknown}
Potions
 e - a potion of curing {unknown}
 h - a potion of haste {unknown}
 l - a potion of lignification {unknown}
 m - a potion of might {unknown}
 n - a potion of agility {unknown}
Comestibles
 c - 2 bread rations
 g - 4 fruits
 i - 4 chunks of flesh


   Skills:
 + Level 4.7 Fighting
 + Level 4.4 Axes
 + Level 3.7 Armour
 + Level 3.4 Dodging


You had 3 spell levels left.
You didn't know any spells.

Dungeon Overview and Level Annotations

Branches:
Dungeon (3/15)

Altars:
Kikubaaqudgha

Portals:
Sewer: D:3


Innate Abilities, Weirdness & Mutations

You reflexively headbutt those who attack you in melee.
You have a pair of horns on your head.


Message History

* * * LOW HITPOINT WARNING * * *
The worm splashes around in the water.
The adder closely misses you.
Your unstable footing causes you to fumble your attack.
The adder bites you.
* * * LOW HITPOINT WARNING * * *
You are poisoned.
The adder poisons you!
Your unstable footing causes you to fumble your attack.
You feel sick. The adder barely misses you. You furiously retaliate!
You headbutt the adder.
The worm splashes around in the water.
Your unstable footing causes you to fumble your attack.
The adder barely misses you.
The worm splashes around in the water.
The adder bites you but does no damage.
You hit the worm but do no damage. Your headbutt misses the worm.
You miss the adder.
The adder is lightly wounded.
The adder closely misses you.
Your unstable footing causes you to fumble your attack.
You feel sick. The adder bites you but does no damage. The worm bites you!
You die...

#..####.###.##.### #.
#.......# .# #
#...###..###..# .#
..$.......>#..##### ####
#...###..#.(.##≈≈####≈≈##
#..$..........≈≈≈≈≈≈≈≈≈≈#
#.?.######.####≈≈####≈≈##
## #.# ####≈≈##≈# #.#
#@w≈≈≈≈#≈# #.# #≈S≈≈∩≈#≈#
#.# #≈##≈≈##≈# #..
##≈≈####≈≈## ###
#≈≈≈≈≈≈≈≈≈≈# ##≈≈####†≈##
#### ####


You could see a worm and an adder.

Vanquished Creatures
  Terence (D:2)
  5 adders
  An ooze (D:2)
  2 worms (D:2)
  4 dart slugs
  2 giant geckos (D:3)
  An orc (D:3)
  6 bats
  2 bat zombies (D:2)
  4 goblins
  5 hobgoblins
  A quokka (D:2)
  A ball python (D:2)
  2 giant newts (D:1)
  4 kobolds
  6 rats
47 creatures vanquished.

Notes
Turn   | Place    | Note
--------------------------------------------------------------
     0 | D:1      | nikopol the Minotaur Berserker began the quest for the Orb.
     0 | D:1      | Reached XP level 1. HP: 19/19 MP: 0/0
    65 | D:1      | Reached XP level 2. HP: 27/27 MP: 1/1
   407 | D:1      | Reached ** piety under Trog
   607 | D:2      | Reached XP level 3. HP: 33/33 MP: 2/2
   746 | D:2      | Noticed Terence
   754 | D:2      | Killed Terence
   754 | D:2      | Reached XP level 4. HP: 41/41 MP: 3/3
  1243 | D:2      | Found an ancient bone altar of Kikubaaqudgha.
  1537 | D:3      | Found a glowing drain.
  1548 | D:3      | Slain by a worm

Skill      XL: |  1  2  3 |
---------------+----------+-----
Fighting       | 4 |  4.7
Armour         | 3 |  3.7
Axes           | 4 |  4.4
Dodging        | 3 |  3.4

Action                   |  1- 3 |  4- 6 || total
-------------------------+-------+-------++-------
Melee: Hand axe          |    55 |    75 ||   130
       Headbutt          |     9 |    10 ||    19
Invok: Berserk           |     1 |       ||     1
  Use: Scroll            |       |     1 ||     1
  Eat: Royal jelly       |       |     1 ||     1
       Chunk             |       |     1 ||     1
Armor: Ring mail         |    13 |       ||    13
       Scale mail        |       |    32 ||    32
Dodge: Dodged            |    40 |    59 ||    99
